 Dungeon Crawl Stone Soup version 0.28.0-53-g5a82cb258f (webtiles) character file.

Game seed: 3173467588704075089

196 zdrol the Spear-Bearer (level 5, -1/38 HPs)
             Began as a Merfolk Gladiator on June 24, 2022.
             Killed by nerve-wracking pain
             ... invoked by an orc priest
              (2 damage)
             ... on level 4 of the Dungeon.
             The game lasted 00:08:43 (2571 turns).

zdrol the Spear-Bearer (Merfolk Gladiator)          Turns: 2571, Time: 00:08:43

Health: -1/38      AC: 11    Str: 16    XL:     5   Next: 74%
Magic:  5/5        EV:  8    Int:  8    God:
Gold:   146        SH:  0    Dex: 15    Spells: 4/4 levels left

rFire   . . .      SeeInvis .   a - +0 trident
rCold   . . .      Faith    .   (no shield)
rNeg    . . .      Spirit   .   h - +0 chain mail
rPois   .          Reflect  .   c - +0 helmet
rElec   .          Harm     .   f - +1 cloak
rCorr   .          Rampage  .   (no gloves)
Will    .....                   (no boots)
Stlth   ..........              (no amulet)
HPRegen 0.12/turn               (no ring)
MPRegen 0.09/turn               (no ring)

@: lethally poisoned (-1 -> -12)
A: (nimble swimmer 2), mertail
a: no special abilities


You were on level 4 of the Dungeon.
You visited 1 branch of the dungeon, and saw 4 of its levels.

You collected 146 gold pieces.

Inventory:

Hand Weapons
 a - a +0 trident (weapon)
Missiles
 d - a throwing net (quivered)
Armour
 b - a +0 leather armour
 c - a +0 helmet (worn)
 f - a +1 cloak (worn)
 h - a +0 chain mail (worn)
Scrolls
 e - a scroll of torment {unknown}
Potions
 g - a potion of flight {unknown}
 i - a potion of brilliance {unknown}


   Skills:
 - Level 2.3 Fighting
 + Level 8.7 Polearms
 - Level 2.0 Throwing
 - Level 4.4 Dodging


You had 4 spell levels left.
You didn't know any spells.
Your spell library contained the following spells:

 Spells                   Type           Power      Damage    Failure   Level
 Sublimation of Blood     Necr           0%         N/A       100%        2
 Wereblood                Tmut           0%         N/A       100%        2
 Summon Hydra             Summ           0%         N/A       100%        7


Dungeon Overview and Level Annotations

Branches:
Dungeon (4/15)
 Temple: D:4-7

Altars:

Shops:
D:2 [


Innate Abilities, Weirdness & Mutations

((You are very nimble when in or above water. (Stealth+, EV+, Speed+++)))
Your lower body shifts to a powerful aquatic tail in water.


Message History

The scorpion is severely wounded.
You feel sick.
The scorpion stings you but does no damage.
You hit the scorpion.
You kill the scorpion!
You feel sick.
You feel sick.
You see here a scorpion corpse.
You feel sick.
You feel sick.
You feel sick.
You are no longer poisoned.
A kobold comes into view.
It is wielding a +0 dagger of venom and quivering poisoned darts.
The kobold shouts!
The kobold moves out of view.
The kobold throws a poisoned dart.
The poisoned dart closely misses you.
Found a stone staircase leading down.
An orc priest comes into view. It is wielding a +0 short sword.
The orc priest moves out of view.
An orc priest and an orc come into view.
The orc priest shouts!
The orc shouts!
The orc moves out of view.
An orc comes into view. It is wielding a +0 dagger.
The orc shouts!
An orc wizard comes into view. It is wielding a +1 dagger of venom.
The orc priest mumbles some strange prayers to Beogh against you.
Beogh smites you!
* * * LOW HITPOINT WARNING * * *
The kobold throws a poisoned dart.
The poisoned dart hits you!
You are lethally poisoned!
* * * LOW HITPOINT WARNING * * *
You feel very sick.
* * * LOW HITPOINT WARNING * * *
You feel sick. The kobold hits you but does no damage.
You are more poisoned.
* * * LOW HITPOINT WARNING * * *
You feel very sick.
The orc priest calls down the wrath of Beogh upon you.
Pain shoots through your body!
You die...

#........## .
####......#.. #
#.........
#.#######....)....
#..........K......
####..#####.......
##.#### .......
####K....##>.......
#....@.............
o....oo.#.####....#.#.#..
......#...# .###..#.##.
......o.### # .. #
......### ...... .....
.....


You could see 2 orc priests, an orc and a kobold.

Vanquished Creatures
  A scorpion (D:4)
  7 adders
  2 worms (D:2)
  2 dart slugs
  7 endoplasms
  4 giant cockroaches
  7 goblins
  4 hobgoblins
  A jackal (D:1)
  5 quokkas
  10 ball pythons
  5 bats
  2 frilled lizards (D:2)
  6 kobolds
  6 rats
69 creatures vanquished.

Vanquished Creatures (others)
  A fungus (D:1)
  3 plants (D:1)
4 creatures vanquished.

Grand Total: 73 creatures vanquished

Notes
Turn   | Place    | Note
-------+----------+-------------------------------------------
     0 | D:1      | zdrol the Merfolk Gladiator began the quest for the Orb.
     0 | D:1      | Reached XP level 1. HP: 16/16 MP: 1/1
    86 | D:2      | Reached XP level 2. HP: 8/22 MP: 2/2
   304 | D:1      | Reached skill level 5 in Polearms
   645 | D:1      | Reached XP level 3. HP: 27/27 MP: 3/3
   825 | D:1      | Reached skill level 6 in Polearms
   901 | D:1      | Found a faded altar of an unknown god.
  1287 | D:2      | Reached XP level 4. HP: 2/33 MP: 4/4
  1287 | D:2      | HP: 1/33 [poisoned by an adder]
  1692 | D:2      | Reached skill level 7 in Polearms
  1825 | D:2      | Found Seol's Antique Armour Shoppe.
  2469 | D:3      | Reached XP level 5. HP: 38/38 MP: 5/5
  2536 | D:4      | Reached skill level 8 in Polearms
  2571 | D:4      | HP: 1/38 [poisoned by a kobold]
  2571 | D:4      | Killed from afar by an orc priest

Illustrated notes

Levels and vault maps discovered:
D:1:      matt_arrival_los_fun, layout_loops_ring,
          shapermc_ecumenical_altar_acropolis, minmay_tetromino_t4
D:2:      layout_loops_ring, serial_shops, shop, grunt_ministairs_15
D:3:      layout_loops_ring, kennysheep_crisscross
D:4:      layout_rooms, portal_sewer_entry_e

Skill      XL: |  1  2  3  4  5 |
---------------+----------------+-----
Polearms       | 5 6 7 8 |  8.7
Fighting       | |  2.3
Throwing       | |  2.0
Dodging        | |  4.4

Action                   |  1- 3 |  4- 6 || total
-------------------------+-------+-------++-------
Melee: Trident           |   127 |    99 ||   226
       Punch             |     3 |     1 ||     4
Throw: Throwing net      |     5 |       ||     5
  Use: Scroll            |     1 |     1 ||     2
 Stab: Sleeping          |       |     1 ||     1
Armor: Leather armour    |    40 |    17 ||    57
       Chain mail        |       |    25 ||    25
Dodge: Dodged            |    89 |    62 ||   151
